 Dungeon Crawl Stone Soup version 0.21-a0-243-g597973d (webtiles) character file.

7074 tidbits the Martial Artist (level 10, 0/124 HPs)
             Began as a Demigod Wanderer on Sept 4, 2017.
             Killed by divine providence
             ... invoked by an orc priest
              (14 damage)
             ... on level 2 of the Orcish Mines.
             The game lasted 01:08:31 (6791 turns).

tidbits the Martial Artist (Demigod Wanderer)       Turns: 6791, Time: 01:08:31

Health: 0/124      AC: 28    Str: 18 (19) XL:     10   Next: 54%
Magic:  20/20      EV:  2    Int: 20      God:
Gold:   1116       SH:  0    Dex: 14 (16) Spells: 6/17 levels left

rFire    . . .     SeeInvis .     - Unarmed
rCold    . . .     Gourm    .   (no shield)
rNeg     + + +     Faith    .   (armour currently unavailable)
rPois    +         Spirit   .   (helmet currently unavailable)
rElec    .         Reflect  .   (cloak currently unavailable)
rCorr    .         Harm     .   (gloves currently unavailable)
MR       +....     Clarity  +   (boots currently unavailable) Stlth ++........NoTele +
                                n - amulet of magic regeneration
HPRegen  0.30/turn              U - +3 ring of protection
MPRegen  0.42/turn              I - +3 ring of strength

@: tree-form, hasted, very quick
A: blurry vision 1, clarity, high mp 1
a: no special abilities


You were on level 2 of the Orcish Mines.
You were not hungry.
You were a tree.
You visited 2 branches of the dungeon, and saw 14 of its levels.

You collected 1116 gold pieces.

Inventory:

Hand Weapons
 a - a +0 dagger of venom
   (You took it off a goblin on level 3 of the Dungeon)
 S - a +0 triple crossbow
Missiles
 f - 29 sling bullets
 h - 61 stones
 k - 96 arrows
 s - 30 bolts
 w - 26 tomahawks (quivered)
 D - a throwing net {!f}
Armour
 B - a +0 troll leather armour (melded)
 C - a +0 cloak (melded)
 E - a +0 helmet (melded)
 G - a +0 pair of gloves (melded)
Magical Staves
 p - an uncursed staff of wizardry {unknown}
   (You found it on level 3 of the Dungeon)
Jewellery
 n - an amulet of magic regeneration (around neck)
   (You found it on level 1 of the Dungeon)
 I - a +3 ring of strength (right branch)
   (You found it on level 4 of the Dungeon)
 L - an uncursed ring of flight
   (You found it on level 7 of the Dungeon)
 U - a +3 ring of protection (left branch)
   (You found it on level 11 of the Dungeon)
 W - an uncursed ring of fire
   (You found it on level 12 of the Dungeon)
 Y - a cursed amulet of the gourmand {unknown}
   (You found it on level 11 of the Dungeon)
Wands
 d - a wand of digging (4/24)
 J - a wand of paralysis (0/24)
 K - a wand of acid (0/15)
Scrolls
 c - 5 scrolls of teleportation
 i - 2 scrolls of noise {unknown}
 l - 2 scrolls of recharging
 r - a scroll of enchant weapon {unknown}
 t - a scroll of random uselessness
 v - a scroll of enchant armour {unknown}
 y - a scroll of magic mapping {unknown}
 H - a scroll of blinking {unknown}
 M - a scroll of amnesia {unknown}
 N - 2 scrolls of remove curse
 O - a scroll of acquirement {unknown}
 P - a scroll of brand weapon {unknown}
Potions
 m - a potion of flight
 o - 3 potions of brilliance
 x - a potion of resistance
 z - a potion of cancellation
 A - a potion of lignification
Books
 b - Sif Muna's Grimoire of Aid

   Spells                             Type                      Level
   a - Infusion                       Charms                       1
   b - Regeneration                   Charms/Necromancy            3
 e - a book of Cantrips
   (You found it on level 3 of the Dungeon)

   Spells                             Type                      Level
   a - Confusing Touch                Hexes                        1
   b - Animate Skeleton               Necromancy                   1
   c - Summon Small Mammal            Summoning                    1
   d - Apportation                    Translocation                1
 j - a book of Changes

   Spells                             Type                      Level
   a - Beastly Appendage              Transmutation                1
   b - Sticks to Snakes               Transmutation                2
   c - Spider Form                    Transmutation/Poison         3
   d - Ice Form                       Ice/Transmutation            4
   e - Blade Hands                    Transmutation                5
Miscellaneous
 R - a lightning rod (2/4)
Comestibles
 g - 5 bread rations
 u - 2 meat rations
 V - a chunk of flesh


   Skills:
 - Level 6.1 Fighting
 - Level 5.4 Dodging
 - Level 1.7 Stealth
 - Level 10.1 Unarmed Combat
 + Level 4.4 Spellcasting
 - Level 2.0 Charms
 - Level 2.0 Necromancy
 + Level 6.8 Transmutations


You had 6 spell levels left.
You knew the following spells:

 Your Spells              Type           Power        Failure   Level  Hunger
e - Beastly Appendage     Tmut           ####..       1%          1    None
i - Infusion              Chrm           ##..         5%          1    None
k - Sticks to Snakes      Tmut           ####....     1%          2    #......
n - Animate Skeleton      Necr           N/A          5%          1    None
p - Spider Form           Tmut/Pois      ###.......   9%          3    ###....
r - Regeneration          Chrm/Necr      ##........   16%         3    ###....


Dungeon Overview and Level Annotations

Branches:
Dungeon (12/15)            Temple (0/1) D:4             Orc (2/2) D:10
    Elf (0/3) Orc:2
   Lair: D:8-11

Shops:
Orc:2 =

Annotations:
D:5 exclusion: 2 killer bees
Orc:2 exclusion: upstairs, Josephine


Innate Abilities, Weirdness & Mutations

You have an increased reservoir of magic. (+10% MP)
((You are partially covered in thin metallic scales. (AC +2)))
Scrolls take you a little longer to read.
You possess an exceptional clarity of mind.


Message History

The orc wizard gestures at you while chanting.
The puff of flame hits you!
* * * LOW HITPOINT WARNING * * *
As you read the scroll labeled EPUVANT DINA, it crumbles to dust.
You feel blessed for a moment.
It was a scroll of remove curse.
The orc wizard misses you.
The orc wizard gestures wildly while chanting.
The orc wizard flickers and vanishes!
Deactivating autopickup; reactivate with Ctrl-A.
The orc priest closely misses you.
Unknown command.
It was a potion of ambrosia.
You are confused.
You feel invigorated. The orc wizard completely misses you.
The wraith hits you!
* * * LOW HITPOINT WARNING * * *
The wraith drains your vigour!
You feel yourself slow down. The orc priest misses you.
The orc wizard mumbles some strange words.
The orc wizard blinks!
The orc priest misses you.
The orc priest invokes the aid of Beogh against you.
Beogh smites you!
* * * LOW HITPOINT WARNING * * *
The orc wizard casts a spell at you. The magic dart hits you!
A puff of flame appears from out of thin air!
The puff of flame misses you.
The puff of flame hits the wraith.
The orc priest completely misses you.
Unknown command.
Your skin stops crawling.
The orc wizard casts a spell at you. The magic dart hits you!
* * * LOW HITPOINT WARNING * * *
The orc priest invokes the aid of Beogh against you.
Beogh smites you!
* * * LOW HITPOINT WARNING * * *
You barely miss the wraith.
The wraith is lightly damaged.
The orc wizard gestures wildly while chanting.
The orc wizard blinks!
The orc priest barely misses you. The wraith hits you but does no damage.
The orc priest completely misses you. The wraith misses you.
You hear some strange, mumbled words.
The orc priest barely misses you. The orc priest hits you.
* * * LOW HITPOINT WARNING * * *
The orc priest completely misses you. The wraith barely misses you.
The orc priest hits you but does no damage.
The orc priest hits you from afar with a trident of piercing.
* * * LOW HITPOINT WARNING * * *
x2 You hit the wraith.
The wraith is lightly damaged.
The orc priest closely misses you. The wraith closely misses you.
The orc priest completely misses you.
The orc priest hits you from afar with a trident of piercing.
* * * LOW HITPOINT WARNING * * *
x2 Your transformation has ended.
Your +0 cloak unmelds from your body.
Your +0 helmet unmelds from your body.
Your +0 pair of gloves unmelds from your body.
Your +0 troll leather armour unmelds from your body.
You feel less invigorated.
You feel less confused.
The orc priest looks encouraged for a moment.
It was a potion of haste.
You feel yourself speed up.
The orc priest mumbles some strange prayers to Beogh against you.
Beogh smites you!
* * * LOW HITPOINT WARNING * * *
The orc priest hits you but does no damage.
Evoke which item? (* to show all) (? for menu, Esc to quit)
Okay, then.
Okay, then.
Casting: Regeneration
Confirm with . or Enter, or press ? or * to list all spells.
You don't know that spell.
You turn into a tree.
Your +0 cloak melds into your body.
Your +0 helmet melds into your body.
Your +0 pair of gloves melds into your body.
Your +0 troll leather armour melds into your body.
Your roots penetrate the ground.
You feel yourself speed up.
The orc priest hits you but does no damage.
You hit the orc priest but do no damage.
The orc priest hits you but does no damage.
You hit the orc priest.
The orc priest is lightly wounded.
You pummel the orc priest!!
You kill the orc priest!
Unknown command.
Throwing (i - inventory. (,) - cycle):
w - 27 tomahawks (quivered)
Press: ? - help, Shift-Dir - straight line, f - orc priest
Aim: an orc priest, wearing a leather armour You throw a tomahawk.
The tomahawk hits the orc priest.
The orc priest is moderately wounded.
The orc priest calls upon Beogh to heal the orc priest.
The orc priest's wounds heal themselves!
You smack the wraith!
The wraith is heavily damaged.
The wraith hits you but does no damage.
The orc priest invokes the aid of Beogh against you.
Beogh smites you!
You die...

........o.#.#.## ##..#
.........oo....## ##...####
................## #.......###
........###.)[...###.........#
........# ###[#.##.#........##
...o..... #................##
......... ##.))........##....
......... ###Wo....#### ....
#### #♣Wo{....### ....
###oo......###....
#.......##.....#
###...........# #......<...##
###........## ##........#
#.....>..### ####........##.


You could see 2 wraiths, 3 orc priests and an orc wizard.

Vanquished Creatures
  An orc warlord (Orc:2)
  An ettin (Orc:1)
  An orc sorcerer (Orc:1)
  2 trolls
  A warg (Orc:2)
  A water moccasin (D:7)
  An ice beast (D:8)
  A phantom (D:4)
  2 ogres
  9 orc warriors
  3 centaurs
  Blork the orc (D:6)
  6 bullfrogs
  2 scorpions
  A killer bee (D:5)
  3 wights (D:6)
  A crimson imp (D:10)
  A howler monkey (D:7)
  A quasit (D:8)
  3 hounds
  A bullfrog skeleton (D:5)
  13 orc priests
  2 jellies (D:7)
  15 orc wizards
  2 iguanas
  3 worker ants
  Terence (D:2)
  5 gnolls
  8 adders
  2 shadow imps
  An ooze (D:2)
  An adder zombie (D:5)
  4 worms
  A dart slug (D:2)
  3 leopard geckos
  53 orcs
  A giant cockroach (D:1)
  8 goblins
  5 hobgoblins
  12 jackals
  6 quokkas
  5 bats
  3 frilled lizards
  A jackal zombie (D:7)
  7 kobolds
  A leopard gecko zombie (D:7)
  A quokka skeleton (D:5)
  4 rats
211 creatures vanquished.

Vanquished Creatures (collateral kills)
  A water moccasin (D:7)
  An orc warrior (Orc:2)
  2 ogres
  A centaur (D:6)
  A killer bee (D:4)
  A bullfrog zombie (D:10)
  2 orc priests
  2 orc wizards
  Crazy Yiuf (D:7)
  A gnoll (D:3)
  A howler monkey skeleton (D:6)
  An adder skeleton (D:6)
  A worm (D:2)
  A leopard gecko (D:10)
  3 orcs
  A quokka (D:10)
21 creatures vanquished.

Grand Total: 232 creatures vanquished

Notes
Turn   | Place    | Note
-------+----------+-------------------------------------------
     0 | D:1      | tidbits the Demigod Wanderer began the quest for the Orb.
     0 | D:1      | tidbits set off with: a book of Changes, Sif Muna's Grimoire of Aid, a scroll of teleportation, a +0 robe, a +0 club, a +0 dagger, a bread ration
     0 | D:1      | Reached XP level 1. HP: 17/17 MP: 6/6
     0 | D:1      | Identified Sif Muna's Grimoire of Aid
     2 | D:1      | Learned a level 1 spell: Beastly Appendage
    34 | D:1      | Reached skill level 2 in Transmutations
    48 | D:2      | Noticed Terence
   250 | D:2      | Learned a level 1 spell: Infusion
   381 | D:1      | Reached XP level 2. HP: 20/24 MP: 1/8
   385 | D:1      | Learned a level 2 spell: Sticks to Snakes
   562 | D:2      | Reached skill level 3 in Transmutations
   857 | D:3      | Reached skill level 1 in Unarmed Combat
   857 | D:3      | Reached XP level 3. HP: 29/29 MP: 7/9
   862 | D:3      | Learned a level 3 spell: Spider Form
   863 | D:3      | Gained mutation: Your body sometimes deteriorates upon taking damage. [potion of mutation]
   863 | D:3      | Gained mutation: Your spells are a little harder to cast, but a little more powerful. [potion of mutation]
   863 | D:3      | Gained mutation: Your flesh is heat resistant. (rF+) [potion of mutation]
  1246 | D:3      | Reached skill level 2 in Unarmed Combat
  1355 | D:3      | Found a shattered altar of Ashenzari.
  1402 | D:3      | Reached XP level 4. HP: 14/36 MP: 4/10
  1464 | D:3      | Found a shattered altar of Ashenzari.
  1484 | D:3      | Reached skill level 3 in Unarmed Combat
  1633 | D:3      | Found a hazy altar of Hepliaklqana.
  1749 | D:3      | Lost mutation: Your spells are a little harder to cast, but a little more powerful. [potion of mutation]
  1749 | D:3      | Lost mutation: Your flesh is heat resistant. (rF+) [potion of mutation]
  1749 | D:3      | Lost mutation: Your body sometimes deteriorates upon taking damage. [potion of mutation]
  1749 | D:3      | Gained mutation: You possess an exceptional clarity of mind. [potion of mutation]
  1749 | D:3      | Gained mutation: Scrolls take you a little longer to read. [potion of mutation]
  1749 | D:3      | Gained mutation: You are partially covered in thin metallic scales. (AC +2) [potion of mutation]
  1902 | D:2      | Killed Terence
  1902 | D:2      | Reached XP level 5. HP: 34/41 MP: 8/11
  2097 | D:4      | HP: 4/41 [orc priest/divine providence (16)]
  2105 | D:3      | Reached skill level 4 in Unarmed Combat
  2255 | D:4      | Found a staircase to the Ecumenical Temple.
  2273 | D:5      | Entered Level 5 of the Dungeon
  2470 | D:5      | Noticed an ogre
  2483 | D:5      | Killed an ogre
  2483 | D:5      | Reached skill level 5 in Unarmed Combat
  2483 | D:5      | Reached XP level 6. HP: 48/48 MP: 2/13
  2490 | D:5      | Learned a level 1 spell: Animate Skeleton
  2583 | D:5      | Reached skill level 6 in Unarmed Combat
  2621 | D:6      | Noticed Blork the orc
  2717 | D:4      | Reached skill level 3 in Spellcasting
  2722 | D:4      | Learned a level 3 spell: Regeneration
  2749 | D:4      | Reached XP level 7. HP: 44/53 MP: 9/14
  2855 | D:4      | Reached skill level 1 in Charms
  2855 | D:4      | Reached skill level 1 in Necromancy
  3108 | D:4      | Reached skill level 2 in Charms
  3108 | D:4      | Reached skill level 2 in Necromancy
  3153 | D:4      | Found a radiant altar of Vehumet.
  3313 | D:5      | Reached skill level 2 in Fighting
  3406 | D:6      | Killed Blork the orc
  3443 | D:6      | Reached skill level 2 in Dodging
  3499 | D:6      | Reached skill level 7 in Unarmed Combat
  3499 | D:6      | Reached XP level 8. HP: 31/62 MP: 8/15
  3521 | D:6      | Reached skill level 3 in Fighting
  3699 | D:6      | HP: 3/63 [bullfrog (9)]
  3906 | D:6      | Reached skill level 3 in Dodging
  4159 | D:7      | Found a runed door.
  4167 | D:7      | Noticed Crazy Yiuf
  4171 | D:7      | Killed Crazy Yiuf
  4223 | D:7      | Reached skill level 8 in Unarmed Combat
  4236 | D:7      | Reached skill level 4 in Fighting
  4377 | D:7      | Found an ornate altar of the Wu Jian Council.
  4563 | D:8      | Reached skill level 4 in Transmutations
  4563 | D:8      | Reached XP level 9. HP: 72/72 MP: 12/16
  4725 | D:10     | Entered Level 10 of the Dungeon
  4731 | D:10     | Reached skill level 4 in Dodging
  4955 | D:10     | Found a staircase to the Orcish Mines.
  4977 | Orc:1    | Entered Level 1 of the Orcish Mines
  4998 | Orc:1    | Found a bloodstained altar of Trog.
  5070 | Orc:1    | Noticed an ettin
  5222 | D:10     | Reached skill level 5 in Fighting
  5361 | D:11     | Noticed a green ugly thing
  5492 | D:10     | Reached skill level 9 in Unarmed Combat
  5687 | Orc:1    | Killed an ettin
  5687 | Orc:1    | Reached skill level 5 in Transmutations
  5751 | Orc:2    | Entered Level 2 of the Orcish Mines
  5751 | Orc:2    | Found a staircase to the Elven Halls.
  5766 | Orc:2    | Found Keoqef's Jewellery Boutique.
  5877 | Orc:2    | Reached skill level 5 in Dodging
  5959 | Orc:1    | Noticed an orc sorcerer
  6042 | Orc:2    | Noticed an orc warlord
  6069 | Orc:1    | Killed an orc sorcerer
  6069 | Orc:1    | Reached XP level 10. HP: 82/83 MP: 17/17
  6289 | Orc:2    | Reached skill level 10 in Unarmed Combat
  6415 | Orc:2    | Reached skill level 6 in Fighting
  6433 | Orc:1    | Noticed an ettin
  6683 | Orc:2    | Killed an orc warlord
  6683 | Orc:2    | Reached skill level 4 in Spellcasting
  6683 | Orc:2    | Reached skill level 6 in Transmutations
  6751 | Orc:2    | Noticed an orc high priest
  6754 | Orc:2    | Noticed a soul eater
  6756 | Orc:2    | Noticed an orc high priest
  6775 | Orc:2    | Noticed Josephine
  6791 | Orc:2    | Killed from afar by an orc priest

Vault maps used:
D:1:      minmay_arrival_plants_in_alcoves
D:2:      uniq_terence
D:3:      ashenzari_conservatory_becter, lemuel_coloured_pillars_altar,
          grunt_ministairs_2, ashenzari_altar_1
D:4:      nicolae_overflow_crystal_walls, minmay_temple_entry_water_ring
D:5:      first_bread, serial_co_window_serial, co_window_cross_1,
          co_window_corner_a, co_window_corner_a, co_window_paths_b,
          co_window_corner_a, co_window_paths_c, co_window_of_opportunity_c,
          co_window_broadway_a, co_window_corner_cb, co_window_corner_cb,
          co_window_of_opportunity_c, co_window_paths_d, glass_columns_c,
          glass_columns_c, glass_columns_c, glass_columns_b, serial_shops, shop
D:6:      minmay_misc_feat_nine_boxes, minmay_tree_intersection,
          eino_tiny_chamber, uniq_blork_the_orc
D:7:      minitemple, old_standard_altar, uniq_crazy_yiuf_cottage
D:8:      hangedman_ranch
D:10:     orc_0_dummy, grunt_ministairs_7, st_stairs_5,
          kennysheep_generic_room_11
D:11:     dpeg_oklobed_lair
D:12:     minmay_misc_feat_roman, uniq_psyche
Orc:1:    basic_altar
Orc:2:    st_orc_mages, serial_shops, shop, uniq_josephine

Skill      XL: |  1  2  3  4  5  6  7  8  9 10 |
---------------+-------------------------------+-----
Transmutations | 2 3 4 5 6 |  6.8
Unarmed Combat | 1 2 3 5 6 7 8 9 10 | 10.1
Spellcasting   | 3 4 |  4.4
Charms         | 2 |  2.0
Necromancy     | 2 |  2.0
Fighting       | 2 4 5 6 |  6.1
Dodging        | 2 3 5 |  5.4
Stealth        | |  1.7

Action                   |  1- 3 |  4- 6 |  7- 9 | 10-12 || total
-------------------------+-------+-------+-------+-------++-------
Melee: Dagger            |    23 |    10 |     3 |       ||    36
       Short sword       |    77 |       |       |       ||    77
       Kick              |    11 |       |       |       ||    11
       Headbutt          |     3 |       |       |       ||     3
       Unarmed           |    17 |   107 |   295 |    94 ||   513
       Punch             |       |     3 |     1 |     1 ||     5
Throw: Stone             |     1 |       |     1 |     1 ||     3
       Tomahawk          |       |       |       |     3 ||     3
 Cast: Beastly Appendage |    25 |       |       |       ||    25
       Infusion          |    20 |     7 |     2 |       ||    29
       Sticks to Snakes  |     3 |    13 |    43 |     8 ||    67
       Spider Form       |     4 |    16 |    55 |    13 ||    88
       Animate Skeleton  |       |     4 |    21 |    10 ||    35
       Regeneration      |       |     1 |    39 |    10 ||    50
 Abil: End Transformatio |       |       |     9 |     3 ||    12
Evoke: Wand              |       |       |     8 |     5 ||    13
       Lightning rod     |       |       |     4 |     2 ||     6
  Use: Scroll            |     4 |     3 |     5 |     3 ||    15
       Potion            |     2 |     4 |     4 |     6 ||    16
 Stab: Sleeping          |     2 |     2 |     6 |       ||    10
       Distracted        |       |     1 |     4 |       ||     5
       Paralysed         |       |       |     3 |       ||     3
  Eat: Chunk             |     3 |     3 |    19 |     5 ||    30
       Meat ration       |       |     1 |       |       ||     1
       Fruit             |       |       |     4 |       ||     4
       Royal jelly       |       |       |     2 |       ||     2
Armor: Robe              |    23 |    16 |    12 |       ||    51
       Skin              |       |     9 |    10 |    10 ||    29
       Troll leather arm |       |       |       |     3 ||     3
Dodge: Dodged            |    71 |    80 |   257 |    83 ||   491

Table legend:
 A = Spawn XP
 B = Non-spawn XP
 C = Spawn XP percentage of total XP
 D = Spawn monster count
 E = Non-spawn monster count
 F = Spawn count percentage of total count
 G = Total turns spent on level
                    A         B        C        D         E        F      G
               +---------+---------+-------+---------+---------+-------+---------
         Total |     945 |    9161 |   9.4 |      19 |     213 |   8.2 |  6791
               +---------+---------+-------+---------+---------+-------+---------
           D:1 |       0 |      29 |   0.0 |       0 |      17 |   0.0 |   446
           D:2 |       0 |      66 |   0.0 |       0 |       9 |   0.0 |   753
           D:3 |      18 |     189 |   8.7 |       9 |      24 |  27.3 |  1024
           D:4 |       5 |     437 |   1.1 |       1 |      24 |   4.0 |   675
           D:5 |       0 |     543 |   0.0 |       0 |      22 |   0.0 |   464
           D:6 |     170 |     880 |  16.2 |       4 |      16 |  20.0 |   630
           D:7 |       0 |     818 |   0.0 |       0 |      18 |   0.0 |   438
           D:8 |     118 |     369 |  24.2 |       1 |      13 |   7.1 |   215
           D:9 |       0 |      13 |   0.0 |       0 |       1 |   0.0 |   135
          D:10 |       2 |     423 |   0.5 |       1 |      15 |   6.2 |   475
         Orc:1 |     592 |    1735 |  25.4 |       2 |       9 |  18.2 |   673
         Orc:2 |      40 |    3659 |   1.1 |       1 |      45 |   2.2 |   710
               +---------+---------+-------+---------+---------+-------+---------

Table legend:
 A = Turns spent in this place as a percentage of turns spent in the entire game.
 B = Non-inter-level travel turns spent in this place as a percentage of non-inter-level travel turns spent in the entire game.
 C = Inter-level travel turns spent in this place as a percentage of turns spent in this place.
 D = Turns resting spent in this place as a percentage of non-inter-level travel turns spent in this place.
 E = Turns spent auto-exploring this place as a percentage of non-inter-level travel turns spent in this place.
 F = Non-inter-level travel turns spent in this place divided by the number of levels of this place that you've seen.
                   A       B       C       D       E      F
               +-------+-------+-------+-------+-------+----------------------
         Total | 100.0 | 100.0 |   9.9 |   0.2 |   0.0 | 437.0
       Dungeon |  79.6 |  81.0 |   8.3 |   0.3 |   0.0 | 413.1
  Orcish Mines |  20.4 |  19.0 |  16.1 |   0.0 |   0.0 | 580.5
               +-------+-------+-------+-------+-------+----------------------

Table legend:
 A = Kills in this place as a percentage of kills in entire the game.
 B = Kills by you in this place as a percentage of kills by you in the entire game.
 C = Kills by friends in this place as a percentage of kills by friends in the entire game.
 D = Other kills in this place as a percentage of other kills in the entire game.
 E = Experience gained in this place as a percentage of experience gained in the entire game.
 F = Experience gained in this place divided by the number of levels of this place that you have seen.
                   A       B       C       D       E      F
               +-------+-------+-------+-------+-------+----------------------
         Total | 100.0 | 100.0 | 100.0 |   N/A | 100.0 | 721.9
       Dungeon |  75.4 |  74.9 |  81.0 |   N/A |  40.4 | 340.0
  Orcish Mines |  24.6 |  25.1 |  19.0 |   N/A |  59.6 | 3013.0
               +-------+-------+-------+-------+-------+----------------------

Vault maps used:
D:1:      minmay_arrival_plants_in_alcoves
D:2:      uniq_terence
D:3:      ashenzari_conservatory_becter, lemuel_coloured_pillars_altar,
          grunt_ministairs_2, ashenzari_altar_1
D:4:      nicolae_overflow_crystal_walls, minmay_temple_entry_water_ring
D:5:      first_bread, serial_co_window_serial, co_window_cross_1,
          co_window_corner_a, co_window_corner_a, co_window_paths_b,
          co_window_corner_a, co_window_paths_c, co_window_of_opportunity_c,
          co_window_broadway_a, co_window_corner_cb, co_window_corner_cb,
          co_window_of_opportunity_c, co_window_paths_d, glass_columns_c,
          glass_columns_c, glass_columns_c, glass_columns_b, serial_shops, shop
D:6:      minmay_misc_feat_nine_boxes, minmay_tree_intersection,
          eino_tiny_chamber, uniq_blork_the_orc
D:7:      minitemple, old_standard_altar, uniq_crazy_yiuf_cottage
D:8:      hangedman_ranch
D:10:     orc_0_dummy, grunt_ministairs_7, st_stairs_5,
          kennysheep_generic_room_11
D:11:     dpeg_oklobed_lair
D:12:     minmay_misc_feat_roman, uniq_psyche
Orc:1:    basic_altar
Orc:2:    st_orc_mages, serial_shops, shop, uniq_josephine
